AoeStats
← TheQuietRiot

Hideout

507978823Analyzed
1v1 RM · 12d ago on Sep 20, 2026· 50m 56s· 2 players
Game mode
Random Map
Map size
Tiny (2 player)
Population
200
Speed
Normal
Resources
Standard
Victory
Conquest
Starting age
Dark Age
Ending age
Imperial Age
RankedLock teamsTeams togetherTeam positionsShared explorationLock speedFull tech treeHidden civsTurbo modeCheats
Victory
Defeat
🇬🇧 Mongols · United Kingdom
1046
+15
🇬🇧 Teutons · United Kingdom
1032
-15
TheQuietRiot
10:11 Feudal Age
9:59 Loom
10:38 Double-Bit Axe
10:36 Horse Collar
16:36 Castle Age
14:43 Gold Mining
15:58 Forging
15:59 Scale Barding Armor
16:43 Bloodlines
17:43 Bow Saw
19:37 Squires
21:24 Pikeman
29:09 Heavy Plow
31:16 Gambesons
32:27 Wheelbarrow
32:11 Scale Mail Armor
32:41 Stone Mining
35:31 Hand Cart
35:52 Town Watch
40:00 Imperial Age
39:07 Chain Mail Armor
39:27 Iron Casting
39:20 Town Patrol
40:14 Ballistics
42:57 Chemistry
41:33 Elite Teutonic Knight
42:41 Conscription
47:18 Two-Man Saw
51:40 Stone Shaft Mining
afcwomble
7:14 Loom
9:39 Feudal Age
15:21 Castle Age
14:34 Horse Collar
14:44 Double-Bit Axe
15:52 Scale Barding Armor
20:29 Husbandry
21:04 Bloodlines
23:25 Forging
25:50 Heavy Plow
27:52 Gold Mining
27:55 Stone Mining
29:38 Chain Barding Armor
31:56 Fletching
32:06 Padded Archer Armor
31:38 Light Cavalry
33:03 Gold Shaft Mining
33:07 Stone Shaft Mining
36:36 Imperial Age
34:40 Leather Archer Armor
35:21 Bodkin Arrow
36:03 Iron Casting
36:46 Devotion
37:34 Elite Mangudai
40:31 Blast Furnace
39:32 Bracer
40:36 Chemistry
40:35 Parthian Tactics
40:53 Conscription
41:26 Ballistics
44:06 Thumb Ring
Connection lost

Rejoining the realm…

Still unreachable

The connection could not be restored.

Session expired

The server has moved on; the page needs a fresh start.